 Dungeon Crawl Stone Soup version 0.30-a0-272-gf98c3da03f (webtiles) character file.

Game seed: 10427466602681696550

131 qw the Chopper (level 5, 0/32 HPs)
             Began as a Gargoyle Fighter on Oct 15, 2022.
             Slain by a gnoll
             ... wielding a +0 halberd
              (10 damage)
             ... on level 3 of the Dungeon.
             The game lasted 00:00:55 (2153 turns).

qw the Chopper (Gargoyle Fighter)                   Turns: 2153, Time: 00:00:55

Health: 0/32       AC: 14    Str: 22    XL:     5   Next: 14%
Magic:  5/5        EV:  7    Int:  8    God:
Gold:   82         SH:  4    Dex:  9    Spells: 4/4 levels left

rFire   . . .      SeeInvis .    Y - +0 war axe
rCold   . . .      Faith    .    c - +0 buckler
rNeg    + . .      Spirit   .    j - +0 chain mail
rPois   inf        Reflect  .    (no helmet)
rElec   +          Harm     .    e - +0 cloak
rCorr   +          Rampage  .    (no gloves)
Will    .....                    (no boots)
Stlth   ..........               (no amulet)
HPRegen 0.25/turn                b - ring of resist corrosion
MPRegen 0.09/turn                (no ring)

@: no status effects
A: sickness immunity, AC +4, negative energy resistance 1, electricity
resistance, torment resistance 1, petrification resistance
a: no special abilities


You were on level 3 of the Dungeon.
You visited 1 branch of the dungeon, and saw 3 of its levels.

You collected 82 gold pieces.


Innate Abilities, Weirdness & Mutations

You are immune to sickness and miasma.
Your stone body is resilient. (AC +4)
You are immune to poison.
You resist negative energy. (rN+)
You are resistant to electric shocks. (rElec)
You are resistant to unholy torment.
You are immune to petrification.


   Skills:
 - Level 3.2 Fighting
 + Level 4.7 Axes
 - Level 3.2 Armour
 - Level 3.2 Shields


You had 4 spell levels left.
You didn't know any spells.
Your spell library was empty.

Inventory:

Hand Weapons
 f - a +0 whip
 Y - a +0 war axe (weapon)
Armour
 c - a +0 buckler (worn)
 e - a +0 cloak (worn)
 j - a +0 chain mail (worn)
Jewellery
 b - a ring of resist corrosion (left hand)
 i - a ring of wizardry
Scrolls
 l - a scroll of identify {unknown}
Potions
 a - 2 potions of attraction {unknown}
 d - a potion of might
 g - a potion of cancellation {unknown}
 h - a potion of heal wounds {unknown}
 k - 3 potions of curing
 m - 2 potions of berserk rage {unknown}

Dungeon Overview and Level Annotations

Branches:
Dungeon (3/15)

Altars:
Hepliaklqana
Qazlal


Message History

The gnoll is almost dead.
The gnoll hits you but does no damage. The gnoll hits you with a +0 spear.
You hit the gnoll.
You kill the gnoll!
You have reached level 5!
You start resting.
HP restored.
Things that are here:
a +0 spear; a gnoll corpse 2 gnolls come into view.
The gnoll shouts! x2
A gnoll comes into view. It is wielding a +0 flail.
2144 ||| Stepping ~*~*~tactically~*~*~ (stealth).
The gnoll attacks as you move away! The gnoll hits you but does no damage.
You closely miss the gnoll. The gnoll hits you with a +0 flail.
You barely miss the gnoll.
The gnoll hits you but does no damage. x2; The gnoll closely misses you. x2
You hit the gnoll.
The gnoll is moderately wounded.
The gnoll barely misses you. The gnoll hits you with a +0 flail.
You barely miss the gnoll.
The gnoll is moderately wounded.
The gnoll hits you but does no damage. The gnoll hits you with a +0 flail!
You hit the gnoll but do no damage.
The gnoll is moderately wounded.
You block the gnoll's attack. The gnoll hits you with a +0 flail.
You slash the gnoll!
The gnoll is almost dead.
You block the gnoll's attack. x2; The gnoll hits you but does no damage.
The gnoll hits you from afar with a +0 halberd.
You slash the gnoll!
You kill the gnoll!
The gnoll hits you but does no damage.
The gnoll shouts!
You see here a +0 flail.
You hit the gnoll.
The gnoll is lightly wounded.
The gnoll hits you with a +0 halberd!
You die...

##.# #%# ##.# ##.####
#...... #####...### ###
#......## .. #.####.#
#. #.# #.#
#g#######.####.#
#g@............## .
##.....).....##.#.. #
######.####.####.#..%..
#.######....#.# #.#
##....#..
####.#.........#.#
#.###...###..
............#..#.#
#........# .
######.#.##.#..#.#
#..##...## #
#.........#..#.#
#..###.###
###.##.#%##.#..#.#
#........#


You could see 2 gnolls.

Vanquished Creatures
  An orc wizard (D:2)
  3 gnolls
  2 adders (D:3)
  A worm (D:3)
  A dart slug (D:2)
  3 orcs (D:2)
  3 bats
  7 endoplasms
  3 giant cockroaches
  6 goblins
  4 hobgoblins
  2 jackals (D:3)
  A quokka (D:2)
  5 ball pythons
  2 frilled lizards
  4 kobolds
  A rat (D:1)
49 creatures vanquished.

Notes
Turn   | Place    | Note
-------+----------+-------------------------------------------
     0 | D:1      | qw the Gargoyle Fighter began the quest for the Orb.
     0 | D:1      | Reached XP level 1. HP: 14/14 MP: 1/1
     0 | D:1      | 0 ||| qw: Version: 0.2-a-19-gadd0ef8
     0 | D:1      | 0 ||| qw: Game counter: 9
     0 | D:1      | 0 ||| qw: Always use a shield: true
     0 | D:1      | 0 ||| qw: God list: Okawaru
     0 | D:1      | 0 ||| qw: Allow faded altars: false
     0 | D:1      | 0 ||| qw: Do Orc after D:15 true
     0 | D:1      | 0 ||| qw: Do second Lair branch before Depths: true
     0 | D:1      | 0 ||| qw: Lair rune preference: random
     0 | D:1      | 0 ||| qw: Plans: Normal, Zot:1-4, God:TSO, Crypt, Tomb,
                  | Pan, Slime:5, Hells, Abyss, Orb
     0 | D:1      | 0 ||| PLANNING D:1-11
    75 | D:1      | 75 ||| Stepping ~*~*~tactically~*~*~ (stealth).
    79 | D:1      | 79 ||| Stepping ~*~*~tactically~*~*~ (stealth).
    83 | D:1      | Reached skill level 2 in Axes
   123 | D:1      | Found a faded altar of an unknown god.
   154 | D:1      | 154 ||| Stepping ~*~*~tactically~*~*~ (stealth).
   160 | D:1      | Reached XP level 2. HP: 19/19 MP: 2/2
   206 | D:1      | 206 ||| Stepping ~*~*~tactically~*~*~ (stealth).
   311 | D:1      | 311 ||| Stepping ~*~*~tactically~*~*~ (stealth).
   314 | D:1      | 314 ||| Stepping ~*~*~tactically~*~*~ (stealth).
   401 | D:1      | Reached skill level 3 in Axes
   444 | D:1      | Reached XP level 3. HP: 23/23 MP: 3/3
   626 | D:1      | 626 ||| UPGRADING to +0 cloak.
   631 | D:1      | 631 ||| UPGRADING to +0 chain mail.
   641 | D:1      | 641 ||| DROPPING +0 scale mail.
   642 | D:1      | 642 ||| READING scroll labelled NIG RUTZAXAGG.
   643 | D:1      | 643 ||| READING scroll labelled DIADWI CESTRUFI.
   647 | D:1      | 647 ||| READING 2 scrolls labelled WIBLEDAVEN.
   648 | D:1      | 648 ||| DROPPING scroll of poison.
   848 | D:2      | 848 ||| Stepping ~*~*~tactically~*~*~ (hiding).
   849 | D:2      | 849 ||| Stepping ~*~*~tactically~*~*~ (hiding).
   861 | D:2      | Reached XP level 4. HP: 18/28 MP: 4/4
   899 | D:2      | 899 ||| Stepping ~*~*~tactically~*~*~ (stealth).
   900 | D:2      | 900 ||| Stepping ~*~*~tactically~*~*~ (stealth).
   921 | D:2      | 921 ||| Stepping ~*~*~tactically~*~*~ (stealth).
   939 | D:2      | 939 ||| Stepping ~*~*~tactically~*~*~ (stealth).
   940 | D:2      | 940 ||| Stepping ~*~*~tactically~*~*~ (stealth).
   942 | D:2      | 942 ||| Stepping ~*~*~tactically~*~*~ (stealth).
   943 | D:2      | 943 ||| Stepping ~*~*~tactically~*~*~ (stealth).
   956 | D:2      | 956 ||| Stepping ~*~*~tactically~*~*~ (hiding).
   957 | D:2      | 957 ||| Stepping ~*~*~tactically~*~*~ (hiding).
   962 | D:2      | Reached skill level 4 in Axes
  1148 | D:2      | Identified the +2 leather armour "Keraoxy" {Int+2}
  1585 | D:2      | 1585 ||| UPGRADING to ring of resist corrosion.
  1586 | D:2      | 1586 ||| DRINKING 3 fizzy emerald potions.
  1803 | D:3      | Found a stormy altar of Qazlal.
  1806 | D:3      | Noticed a water elemental
  1807 | D:3      | Noticed a fire elemental
  1807 | D:3      | Noticed an air elemental
  1807 | D:3      | Noticed an earth elemental
  1876 | D:3      | Found a faded altar of an unknown god.
  1876 | D:3      | Found a hazy altar of Hepliaklqana.
  2060 | D:3      | 2060 ||| Stepping ~*~*~tactically~*~*~ (hiding).
  2075 | D:3      | Reached XP level 5. HP: 16/32 MP: 5/5
  2144 | D:3      | 2144 ||| Stepping ~*~*~tactically~*~*~ (stealth).
  2153 | D:3      | Slain by a gnoll

Levels and vault maps discovered:
D:1:      nagdon_arrival_double_spiral, layout_basic,
          hellmonk_ecumenical_altar_slurped_away, hangedman_decor_points
D:2:      layout_loops_ring, kennysheep_potato
D:3:      layout_loops_ring, nicolae_qazlal_style_of_elements,
          nicolae_hepliaklqana_ecumenical_no_more

Skill      XL: |  1  2  3  4 |
---------------+-------------+-----
Axes           | 2 3 4 |  4.7
Fighting       | |  3.2
Armour         | |  3.2
Shields        | |  3.2

Action                   |  1- 3 |  4- 6 || total
-------------------------+-------+-------++-------
Melee: War axe           |    80 |    84 ||   164
  Use: Scroll            |     3 |       ||     3
       Potion            |       |     1 ||     1
Armor: Scale mail        |    29 |       ||    29
       Chain mail        |     8 |    53 ||    61
Dodge: Dodged            |    37 |    21 ||    58
Block: Buckler           |    18 |     8 ||    26

Table legend:
 A = Non-vault XP
 B = Vault XP
 C = Vault XP percentage of total XP
 D = Non-vault monster count
 E = Vault monster count
 F = Vault count percentage of total count
                 A         B        C        D         E       F
            +---------+---------+-------+---------+---------+-------
      Total |     184 |       4 |   2.1 |      47 |       2 |   4.1
            +---------+---------+-------+---------+---------+-------
        D:1 |      47 |       2 |   4.1 |      21 |       1 |   4.5
        D:2 |      61 |       2 |   3.2 |      13 |       1 |   7.1
        D:3 |      76 |       0 |   0.0 |      13 |       0 |   0.0
            +---------+---------+-------+---------+---------+-------
